 Dungeon Crawl Stone Soup version 0.14-a0-1444-g21dc12d (webtiles) character file.

202 July the Sneak (level 3, 0/16 HPs)
             Began as a Spriggan Enchanter on Dec 13, 2013.
             Slain by a worm (11 damage)
             ... on Level 2 of the Dungeon.
             The game lasted 00:09:10 (2331 turns).

July the Sneak (Spriggan Enchanter)                 Turns: 2331, Time: 00:09:10

HP   0/16        AC  3     Str  5      XL: 3   Next: 87%
MP   9/9         EV 18     Int 16      God:
Gold 139         SH  0     Dex 16      Spells:  1 memorised,  6 levels left

rFire  . . .     SeeInvis +     a - +1 dagger
rCold  . . .     Clarity  .     b - +1 robe
rNeg   . . .     Conserve .     (shield restricted)
rPois  .         rCorr    .     (helmet restricted)
rElec  .         rRot     .     (no cloak)
SustAb . .       Spirit   .     (gloves unavailable)
rMut   .         Warding  .     (boots unavailable)
Saprov . . .     Stasis   .     (no amulet)
                                (no ring)
                                w - ring of sustenance {unknown}

@: very quick, slightly resistant to hostile enchantments, very stealthy
A: unfitting armour, see invisible, herbivore 3, speed 3, slow metabolism 2
a: no special abilities


You were on level 2 of the Dungeon.
You were not hungry.

You visited 1 branch of the dungeon, and saw 2 of its levels.

You collected 139 gold pieces.

Inventory:

Hand weapons
 a - a +1,+1 dagger (weapon)
Missiles
 d - 25 darts (quivered)
 t - 4 needles of slowing
Armour
 b - a +1 robe (worn)
 k - a +1 robe
Magical devices
 v - a wand of slowing (13) {unknown}
Comestibles
 f - 3 bread rations
 n - 2 apples
 o - a pear
Scrolls
 g - a scroll of magic mapping {unknown}
 i - 3 scrolls of immolation {unknown}
 p - a scroll of identify {unknown}
 q - 2 scrolls of teleportation {unknown}
 r - 2 scrolls of recharging {unknown}
 s - 3 scrolls of random uselessness {unknown}
 x - a scroll of enchant armour {unknown}
 y - a scroll of noise {unknown}
 z - a scroll of blinking {unknown}
Jewellery
 w - a ring of sustenance (left hand) {unknown}
Potions
 e - 3 potions of porridge
 h - a potion of invisibility {unknown}
 j - 2 potions of agility {unknown}
 l - 2 potions of heal wounds {unknown}
 m - a potion of brilliance {unknown}
 u - 2 potions of curing {unknown}
Books
 c - a book of Maledictions

   Spells                             Type                      Level
   *Corona                            Hexes                        1
   Sure Blade                         Hexes/Charms                 2
   Ensorcelled Hibernation            Hexes/Ice                    2
   Confuse                            Hexes                        3
   Enslavement                        Hexes                        4
   Invisibility                       Hexes                        6


   Skills:
 - Level 1.1 Short Blades
 - Level 1.1 Throwing
 - Level 3.0 Dodging
 + Level 6.6 Stealth
 - Level 2.6 Spellcasting
 - Level 3.6 Hexes


You had 6 spell levels left.
You knew the following spells:

 Your Spells              Type           Power        Failure   Level  Hunger
a - Corona                Hex            ##.....      6%          1    #......


Dungeon Overview and Level Annotations

Branches:
Dungeon (2/16)

Altars:


Innate Abilities, Weirdness & Mutations

You are tiny and cannot use many weapons and most armour.
You have supernaturally acute eyesight.
You are a herbivore.
You cover ground extremely quickly.
You need consume almost no food.


Message History

A worm comes into view.
Things that are here:
a club; a rotting hobgoblin corpse The worm bites you.
You completely miss the worm. You hit the worm.
The worm is lightly wounded.
The worm closely misses you.
You hit the worm.
The worm is moderately wounded.
You barely miss the worm.
The worm is moderately wounded.
The worm closely misses you.
You hit the worm.
The worm is moderately wounded.
You hit the worm.
The worm is moderately wounded.
The worm bites you!
Ouch! That really hurt!
You die...

#..#...#.####### .
........#.## #..#
.........#.## #..#
..........#%## #..#
...........#.## #..#
.##.#.......#.## #..#
##.#.#.......#.# #..#
######........####..#
...............w@...#
##################).#
#..# #..# #..# #..#
#..# #..# #..#


You could see a worm.

Vanquished Creatures
  3 adders (D:2)
  6 bats
  4 giant cockroaches
  6 hobgoblins
  2 jackals (D:1)
  2 quokkas (D:2)
  A ball python (D:1)
  A giant gecko (D:1)
  2 giant newts (D:1)
  3 goblins
  2 kobolds
  5 rats
37 creatures vanquished.

Notes
Turn   | Place    | Note
--------------------------------------------------------------
     0 | D:1      | July, the Spriggan Enchanter, began the quest for the Orb.
     0 | D:1      | Reached XP level 1. HP: 9/9 MP: 4/4
   337 | D:1      | Reached skill level 4 in Stealth
   541 | D:1      | Reached XP level 2. HP: 13/13 MP: 7/7
  1013 | D:1      | Reached skill level 5 in Stealth
  1679 | D:2      | Reached XP level 3. HP: 16/16 MP: 9/9
  1681 | D:2      | Reached skill level 6 in Stealth
  2331 | D:2      | Slain by a worm

Action                   || total
-------------------------++-------
Melee: Dagger            ||   206
Throw: Dart              ||     5
 Stab: Sleeping          ||    10
       Distracted        ||     1
